HSSL
BUTLER HS GOLDEN TORNADO @ BILLINGS WEST HS GOLDEN BEARS
05/13/2028
 
TOP OF THE 1ST
Butler HS Golden Tornado batting - Pitching for Billings West HS Golden Bears : LHP Manuel Camacho
Pitching: LHP Manuel Camacho
Batting: RHB Tom Copeland 0-0: Ball
1-0: Called Strike
1-1: Swinging Strike
1-2: Ball
2-2: Ball
3-2: Strikes out swinging
Batting: RHB Fred Taylor 0-0: Called Strike
0-1: Called Strike
0-2: Foul Ball, location: 2F
0-2: Ball
1-2: Strikes out swinging
Batting: RHB Luis Mota 0-0: Fly out, F9 (Flyball, 89D)
Top of the 1st over - 0 run(s), 0 hit(s), 0 error(s), 0 left on base; Butler HS 0 - Billings West HS 0
BOTTOM OF THE 1ST
Billings West HS Golden Bears batting - Pitching for Butler HS Golden Tornado : LHP Bryan Baker
Pitching: LHP Bryan Baker
Batting: SHB Christian Goodwin 0-0: Ball
1-0: Ball
2-0: Called Strike
2-1: Bunted foul
2-2: Ball
3-2: DOUBLE (Line Drive, 7LM)
Batting: LHB Alberto Pérez 0-0: Called Strike
0-1: Foul Ball, location: 2F
0-2: Fly out, F7 (Flyball, 7S)
Batting: LHB David Trent 0-0: Ball
1-0: Ground out 3-1 (Groundball, 34)
Christian Goodwin to third
Batting: RHB Larry Olson 0-0: Ball
1-0: Foul Ball, location: 2F
1-1: Ball
2-1: Ground out 5-3 (Groundball, 56)
Bottom of the 1st over - 0 run(s), 1 hit(s), 0 error(s), 1 left on base; Butler HS 0 - Billings West HS 0
TOP OF THE 2ND
Butler HS Golden Tornado batting - Pitching for Billings West HS Golden Bears : LHP Manuel Camacho
Batting: LHB Francisco Sousa 0-0: Ball
1-0: Called Strike
1-1: Ball
2-1: Ball
3-1: Swinging Strike
3-2: Strikes out swinging
Batting: RHB Blake Carpenter 0-0: Ball
1-0: Ball
2-0: Foul Ball, location: 2F
2-1: SINGLE (Groundball, 56D)
Batting: RHB Matt McDonald 0-0: Called Strike
0-1: Swinging Strike
0-2: Strikes out looking
Batting: RHB David Gibson 0-0: Ball
1-0: Ball
2-0: Ball
3-0: Called Strike
3-1: Base on Balls
Blake Carpenter to second
Batting: RHB Héctor Meléndez 0-0: Ball
1-0: Foul Ball, location: 2F
1-1: Called Strike
1-2: Strikes out swinging
Top of the 2nd over - 0 run(s), 1 hit(s), 0 error(s), 2 left on base; Butler HS 0 - Billings West HS 0
BOTTOM OF THE 2ND
Billings West HS Golden Bears batting - Pitching for Butler HS Golden Tornado : LHP Bryan Baker
Batting: LHB Carter Coleman 0-0: Foul Ball, location: 2F
0-1: Ball
1-1: Ball
2-1: Called Strike
2-2: Ball
3-2: Ground out 5-3 (Groundball, 56)
Batting: RHB Rod Zamora 0-0: Swinging Strike
0-1: Ball
1-1: Called Strike
1-2: Ball
2-2: Foul Ball, location: 2F
2-2: Ball
3-2: Strikes out swinging
Batting: RHB Curt Sinclair 0-0: Ball
1-0: Ball
2-0: Called Strike
2-1: Foul Ball, location: 2F
2-2: Foul Ball, location: 2F
2-2: Strikes out swinging
Bottom of the 2nd over - 0 run(s), 0 hit(s), 0 error(s), 0 left on base; Butler HS 0 - Billings West HS 0
TOP OF THE 3RD
Butler HS Golden Tornado batting - Pitching for Billings West HS Golden Bears : LHP Manuel Camacho
Batting: RHB Ernie Saunders 0-0: Ball
1-0: Called Strike
1-1: Ball
2-1: Foul Ball, location: 2F
2-2: Ground out 5-3 (Groundball, 56)
Batting: RHB Tom Copeland 0-0: SINGLE (Flyball, 89M)
Batting: RHB Fred Taylor 0-0: Called Strike
0-1: Ball
1-1: Called Strike
1-2: Foul Ball, location: 2F
1-2: Strikes out looking
Batting: RHB Luis Mota 0-0: Called Strike
0-1: Swinging Strike
0-2: Ball
Tom Copeland steals 2nd base
1-2: Ball
2-2: 2-RUN HOME RUN (Flyball, 7D), Distance : 379 ft
Batting: LHB Francisco Sousa 0-0: Ball
1-0: Called Strike
1-1: Ball
2-1: Ball
3-1: Foul Ball, location: 2F
3-2: SOLO HOME RUN (Line Drive, 89XD), Distance : 432 ft
Batting: RHB Blake Carpenter 0-0: Swinging Strike
0-1: Called Strike
0-2: Strikes out swinging
Top of the 3rd over - 3 run(s), 3 hit(s), 0 error(s), 0 left on base; Butler HS 3 - Billings West HS 0
BOTTOM OF THE 3RD
Billings West HS Golden Bears batting - Pitching for Butler HS Golden Tornado : LHP Bryan Baker
Batting: LHB Millard Mays 0-0: Swinging Strike
0-1: Swinging Strike
0-2: Foul Ball, location: 2F
0-2: Foul Ball, location: 2F
0-2: Foul Ball, location: 2F
0-2: Ball
1-2: Strikes out swinging
Batting: LHB Jesús Barrera 0-0: Ground out 6-3 (Groundball, 6)
Batting: SHB Christian Goodwin 0-0: Fly out, F7 (Line Drive, 7D)
Bottom of the 3rd over - 0 run(s), 0 hit(s), 0 error(s), 0 left on base; Butler HS 3 - Billings West HS 0
TOP OF THE 4TH
Butler HS Golden Tornado batting - Pitching for Billings West HS Golden Bears : LHP Manuel Camacho
Batting: RHB Matt McDonald 0-0: Ball
1-0: Ground out 5-3 (Groundball, 56S)
Batting: RHB David Gibson 0-0: Ball
1-0: SINGLE (Groundball, 4MD)
Batting: RHB Héctor Meléndez 0-0: Ball
1-0: Swinging Strike
1-1: Ball
2-1: Foul Ball, location: 2F
2-2: Strikes out swinging
Batting: RHB Ernie Saunders 0-0: Called Strike
0-1: Ball
1-1: Ball
2-1: Foul Ball, location: 2F
2-2: Ground out 6-3 (Groundball, 56)
Top of the 4th over - 0 run(s), 1 hit(s), 0 error(s), 1 left on base; Butler HS 3 - Billings West HS 0
BOTTOM OF THE 4TH
Billings West HS Golden Bears batting - Pitching for Butler HS Golden Tornado : LHP Bryan Baker
Batting: LHB Alberto Pérez 0-0: Ball
1-0: Foul Ball, location: 2F
1-1: Ground out 4-3 (Groundball, 4)
Batting: LHB David Trent 0-0: Ball
1-0: Foul Ball, location: 2F
1-1: Foul Ball, location: 2F
1-2: Ball
2-2: Fly out, F8 (Flyball, 8RM)
Batting: RHB Larry Olson 0-0: Called Strike
0-1: Called Strike
0-2: Ball
1-2: Ball
2-2: Foul Ball, location: 2F
2-2: Strikes out swinging
Bottom of the 4th over - 0 run(s), 0 hit(s), 0 error(s), 0 left on base; Butler HS 3 - Billings West HS 0
TOP OF THE 5TH
Butler HS Golden Tornado batting - Pitching for Billings West HS Golden Bears : LHP Manuel Camacho
Batting: RHB Tom Copeland 0-0: SOLO HOME RUN (Flyball, 8LXD), Distance : 440 ft
Batting: RHB Fred Taylor 0-0: Ground out 5-3 (Groundball, 56S)
Batting: RHB Luis Mota 0-0: Foul Ball, location: 2F
0-1: Ball
1-1: Foul Ball, location: 2F
1-2: Ball
2-2: Ball
3-2: Fly out, F6 (Popup, 6MS)
Batting: LHB Francisco Sousa 0-0: Foul Ball, location: 2F
0-1: Ball
1-1: Ball
2-1: Foul Ball, location: 2F
2-2: Foul Ball, location: 2F
2-2: Foul Ball, location: 2F
2-2: Ball
3-2: SINGLE (Line Drive, 4MD)
Pitching: RHP Terry King
Batting: RHB Blake Carpenter 0-0: Foul Ball, location: 2F
0-1: Foul Ball, location: 2F
0-2: Strikes out swinging
Top of the 5th over - 1 run(s), 2 hit(s), 0 error(s), 1 left on base; Butler HS 4 - Billings West HS 0
BOTTOM OF THE 5TH
Billings West HS Golden Bears batting - Pitching for Butler HS Golden Tornado : LHP Bryan Baker
Batting: LHB Carter Coleman 0-0: Ball
1-0: Fly out, F7 (Line Drive, 7)
Batting: RHB Rod Zamora 0-0: Called Strike
0-1: Foul Ball, location: 2F
0-2: Ball
1-2: Strikes out swinging
Batting: RHB Curt Sinclair 0-0: Called Strike
0-1: Ball
1-1: Ball
2-1: Ball
3-1: Base on Balls
Batting: LHB Millard Mays 0-0: Called Strike
0-1: Ball
1-1: Ball
2-1: Foul Ball, location: 2F
2-2: DOUBLE (Line Drive, 5D)
Curt Sinclair to third
Batting: LHB Jesús Barrera 0-0: Swinging Strike
0-1: Ball
1-1: Fly out, F6 (Popup, 6D)
Bottom of the 5th over - 0 run(s), 1 hit(s), 0 error(s), 2 left on base; Butler HS 4 - Billings West HS 0
TOP OF THE 6TH
Butler HS Golden Tornado batting - Pitching for Billings West HS Golden Bears : RHP Terry King
Batting: RHB Matt McDonald 0-0: Ball
1-0: SINGLE (Line Drive, 4MD)
Batting: RHB David Gibson 0-0: Ball
1-0: Ball
2-0: Foul Ball, location: 2F
2-1: Foul Ball, location: 2F
2-2: Foul Ball, location: 2F
Balk!
Matt McDonald to second
2-2: Ball
3-2: Base on Balls
Batting: RHB Héctor Meléndez 0-0: Ball
1-0: Called Strike
1-1: Fly out, F5 (Line Drive, 5S)
Batting: RHB Ernie Saunders 0-0: TRIPLE (Line Drive, 8RD)
Matt McDonald scores
David Gibson scores
Batting: RHB Tom Copeland 0-0: SINGLE (Flyball, 89S)
Ernie Saunders scores
Pitching: RHP Justin Perry
Batting: RHB Fred Taylor 0-0: Ball
1-0: Ball
Tom Copeland steals 2nd base
2-0: Ball
3-0: Called Strike
3-1: Base on Balls
Batting: RHB Luis Mota 0-0: Fly out, F7 (Flyball, 7S)
Batting: LHB Francisco Sousa 0-0: Foul Ball, location: 2F
0-1: Swinging Strike
0-2: Foul Ball, location: 2F
0-2: Strikes out swinging
Top of the 6th over - 3 run(s), 3 hit(s), 0 error(s), 2 left on base; Butler HS 7 - Billings West HS 0
BOTTOM OF THE 6TH
Billings West HS Golden Bears batting - Pitching for Butler HS Golden Tornado : LHP Bryan Baker
Batting: SHB Christian Goodwin 0-0: Called Strike
0-1: Foul Ball, location: 2F
0-2: SINGLE (Groundball, 6MD)
Batting: LHB Alberto Pérez 0-0: Ball
1-0: Foul Ball, location: 2F
1-1: Ball
2-1: Called Strike
2-2: Ball
3-2: 2-RUN HOME RUN (Flyball, 9LD), Distance : 368 ft
Pitching: LHP Carlos Ramírez
Batting: LHB David Trent 0-0: Ball
1-0: Swinging Strike
1-1: Ball
2-1: Ball
3-1: Fly out, F5 (Popup, 5L)
Batting: RHB Larry Olson 0-0: Foul Ball, location: 2F
0-1: Called Strike
0-2: Strikes out swinging
Batting: LHB Carter Coleman 0-0: Ball
1-0: Ball
2-0: Foul Ball, location: 2F
2-1: Foul Ball, location: 2F
2-2: Foul Ball, location: 2F
2-2: DOUBLE (Line Drive, 7LM)
Batting: RHB Rod Zamora 0-0: Ball
1-0: Ball
2-0: Ball
3-0: Called Strike
3-1: Fly out, F5 (Popup, 5)
Bottom of the 6th over - 2 run(s), 3 hit(s), 0 error(s), 1 left on base; Butler HS 7 - Billings West HS 2
TOP OF THE 7TH
Butler HS Golden Tornado batting - Pitching for Billings West HS Golden Bears : RHP Justin Perry
Batting: RHB Blake Carpenter 0-0: Ball
1-0: SINGLE (Flyball, 78S)
Batting: RHB Matt McDonald 0-0: Ball
1-0: Swinging Strike
1-1: Foul Ball, location: 2F
1-2: Ball
2-2: Foul Ball, location: 2F
2-2: Ball
3-2: Base on Balls
Blake Carpenter to second
Batting: RHB David Gibson 0-0: Ball
1-0: SINGLE (Groundball, 6M) (infield hit)
Blake Carpenter to third
Matt McDonald to second
Batting: RHB Héctor Meléndez 0-0: Called Strike
0-1: Swinging Strike
0-2: Ball
1-2: Strikes out swinging
Batting: RHB Ernie Saunders 0-0: Swinging Strike
0-1: Ball
1-1: SINGLE (Groundball, 56S) (infield hit)
Blake Carpenter scores
Matt McDonald to third
David Gibson to second
Batting: RHB Tom Copeland 0-0: Swinging Strike
0-1: Ball
1-1: Ball
2-1: Ball
3-1: Base on Balls
Matt McDonald scores
David Gibson to third
Ernie Saunders to second
Batting: RHB Fred Taylor 0-0: Swinging Strike
0-1: Swinging Strike
0-2: Ball
1-2: Strikes out looking
Batting: RHB Luis Mota 0-0: Ball
1-0: Ball
2-0: Foul Ball, location: 2F
2-1: Ball
3-1: Fly out, F8 (Flyball, 8RXD)
Top of the 7th over - 2 run(s), 3 hit(s), 0 error(s), 3 left on base; Butler HS 9 - Billings West HS 2
BOTTOM OF THE 7TH
Billings West HS Golden Bears batting - Pitching for Butler HS Golden Tornado : LHP Carlos Ramírez
Batting: RHB Curt Sinclair 0-0: Ball
1-0: Called Strike
1-1: Ground out 6-3 (Groundball, 56)
Batting: LHB Millard Mays 0-0: Ground out 3-1 (Groundball, 34)
Batting: LHB Jesús Barrera 0-0: Called Strike
0-1: Ball
1-1: Foul Ball, location: 2F
1-2: DOUBLE (Line Drive, 78D)
Batting: SHB Christian Goodwin 0-0: Ball
1-0: Swinging Strike
1-1: Ball
2-1: Called Strike
2-2: Strikes out swinging
Bottom of the 7th over - 0 run(s), 1 hit(s), 0 error(s), 1 left on base; Butler HS 9 - Billings West HS 2
TOP OF THE 8TH
Butler HS Golden Tornado batting - Pitching for Billings West HS Golden Bears : RHP Justin Perry
Pitching: LHP Phil Peterson
Batting: LHB Francisco Sousa 0-0: Ball
1-0: Called Strike
1-1: Swinging Strike
1-2: Strikes out swinging
Batting: RHB Blake Carpenter 0-0: Ball
1-0: Swinging Strike
1-1: Ball
2-1: Called Strike
2-2: Strikes out looking
Batting: RHB Matt McDonald 0-0: Ground out 6-3 (Groundball, 6)
Top of the 8th over - 0 run(s), 0 hit(s), 0 error(s), 0 left on base; Butler HS 9 - Billings West HS 2
BOTTOM OF THE 8TH
Billings West HS Golden Bears batting - Pitching for Butler HS Golden Tornado : LHP Carlos Ramírez
Batting: LHB Alberto Pérez 0-0: Swinging Strike
0-1: Ball
1-1: Ground out 5-3 (Groundball, 56)
Batting: LHB David Trent 0-0: Ball
1-0: Ground out 4-3 (Groundball, 4)
Batting: RHB Larry Olson 0-0: Foul Ball, location: 2F
0-1: Ball
1-1: Fly out, F1 (Line Drive, 13)
Bottom of the 8th over - 0 run(s), 0 hit(s), 0 error(s), 0 left on base; Butler HS 9 - Billings West HS 2
TOP OF THE 9TH
Butler HS Golden Tornado batting - Pitching for Billings West HS Golden Bears : LHP Phil Peterson
Pitching: LHP Marvin Dailey
Batting: RHB David Gibson 0-0: Called Strike
0-1: Fly out, F9 (Flyball, 9)
Batting: RHB Héctor Meléndez 0-0: Called Strike
0-1: Ball
1-1: Called Strike
1-2: Ball
2-2: Ball
3-2: Strikes out swinging, 2-3 out at first.
Batting: RHB Ernie Saunders 0-0: Ball
1-0: Called Strike
1-1: Swinging Strike
1-2: Ground out 4-3 (Groundball, 4)
Top of the 9th over - 0 run(s), 0 hit(s), 0 error(s), 0 left on base; Butler HS 9 - Billings West HS 2
BOTTOM OF THE 9TH
Billings West HS Golden Bears batting - Pitching for Butler HS Golden Tornado : LHP Carlos Ramírez
Batting: LHB Carter Coleman 0-0: Foul Ball, location: 2F
0-1: SINGLE (Line Drive, 9S)
Batting: RHB Rod Zamora 0-0: Called Strike
0-1: Foul Ball, location: 2F
0-2: Foul Ball, location: 2F
0-2: Ball
1-2: Strikes out swinging
Batting: RHB Curt Sinclair 0-0: Ball
1-0: Called Strike
1-1: Called Strike
1-2: Ball
2-2: Ball
3-2: Base on Balls
Carter Coleman to second
Batting: LHB Millard Mays 0-0: Ball
1-0: Foul Ball, location: 2F
1-1: Ball
2-1: SINGLE (Line Drive, 89S)
Carter Coleman to third
Curt Sinclair to second
Pitching: LHP Boyd Green
Batting: LHB Jesús Barrera 0-0: Ball
1-0: Ball
2-0: Foul Ball, location: 2F
2-1: Swinging Strike
2-2: Strikes out swinging
Batting: SHB Christian Goodwin 0-0: Ball
1-0: Ball
2-0: Ball
3-0: Foul Ball, location: 2F
3-1: Foul Ball, location: 2F
3-2: Base on Balls
Carter Coleman scores
Curt Sinclair to third
Millard Mays to second
Batting: LHB Alberto Pérez 0-0: Called Strike
0-1: Swinging Strike
0-2: Ball
1-2: Ball
2-2: Ball
3-2: Base on Balls
Curt Sinclair scores
Millard Mays to third
Christian Goodwin to second
Pitching: RHP Ken Aldridge
Batting: LHB David Trent 0-0: Ball
1-0: Called Strike
1-1: Ball
2-1: Foul Ball, location: 2F
2-2: Ball
3-2: Base on Balls
Millard Mays scores
Christian Goodwin to third
Alberto Pérez to second
Batting: RHB Larry Olson 0-0: Ball
1-0: Foul Ball, location: 2F
1-1: Foul Ball, location: 2F
1-2: Foul Ball, location: 2F
1-2: Hit by Pitch
Christian Goodwin scores
Alberto Pérez to third
David Trent to second
Batting: LHB Carter Coleman 0-0: Swinging Strike
0-1: Foul Ball, location: 2F
0-2: Strikes out swinging
Bottom of the 9th over - 4 run(s), 2 hit(s), 0 error(s), 3 left on base; Butler HS 9 - Billings West HS 6
Tuesday, August 8th, 2017 - OOTP Baseball 17.12 Build 75